 Dungeon Crawl Stone Soup version 0.28.0-43-g3370ac3207 (webtiles) character file.

Game seed: 3809434474311192185

91 lonewolfV2 the Chopper (level 4, -1/60 HPs)
             Began as a Hill Orc Fighter on Mar 3, 2022.
             Killed from afar by Sigmund (5 damage)
             ... with a magic dart
             ... on level 3 of the Dungeon.
             The game lasted 00:02:10 (2239 turns).

lonewolfV2 the Chopper (Hill Orc Fighter)           Turns: 2239, Time: 00:02:11

Health: -1/60      AC:  7    Str: 20    XL:     4   Next: 59%
Magic:  4/4        EV:  9    Int:  8    God:
Gold:   125        SH:  0    Dex: 10    Spells: 3/3 levels left

rFire   . . .      SeeInvis .   a - +0 war axe
rCold   . . .      Faith    .   c - +0 buckler
rNeg    . . .      Spirit   .   b - +0 scale mail
rPois   .          Reflect  .   (no helmet)
rElec   .          Harm     .   (no cloak)
rCorr   .          Rampage  .   (no gloves)
Will    .....                   (no boots)
Stlth   ..........              (no amulet)
HPRegen 0.20/turn               (no ring)
MPRegen 0.09/turn               (no ring)

@: confused, mighty, berserking, attractive, very quick
A: no striking features
a: no special abilities


You were on level 3 of the Dungeon.
You visited 1 branch of the dungeon, and saw 3 of its levels.

You collected 125 gold pieces.

Inventory:

Hand Weapons
 a - a +0 war axe (weapon)
Armour
 b - a +0 scale mail (worn)
 c - a +0 buckler (worn)
Wands
 k - a wand of polymorph (5)
Scrolls
 f - 2 scrolls of enchant weapon {unknown}
 i - 2 scrolls of identify {unknown}
 l - a scroll of teleportation {unknown}
Potions
 d - 2 potions of might
 e - a potion of heal wounds {unknown}
 g - a potion of magic
 j - a potion of mutation {unknown}


   Skills:
 + Level 4.1 Fighting
 + Level 4.3 Axes
 + Level 4.2 Armour
 + Level 0.3 Dodging
 + Level 0.3 Stealth
 + Level 3.5 Shields


You had 3 spell levels left.
You didn't know any spells.
Your spell library contained the following spells:

 Spells                   Type           Power      Damage    Failure   Level
 Slow                     Hex            0%         N/A       85%         1
 Confusing Touch          Hex            0%         N/A       99%         3
 Vampiric Draining        Necr           0%         2d6       99%         3


Dungeon Overview and Level Annotations

Branches:
Dungeon (3/15)

Altars:

Shops:
D:2 *

Annotations:
D:3 Sigmund


Message History

You kill the adder!
The bat hits you but does no damage. The bat hits you.
You block the bat's attack. The bat hits you.
You closely miss the bat. The bat hits you but does no damage. x3
You hit the bat.
You kill the bat!
Found a ring mail.
Found a plate armour.
You see here a +0 plate armour.
Sigmund the Dreaded comes into view.
He is wielding a +0 scythe.
Sigmund shouts!
Sigmund gestures at you while chanting. The puff of flame hits you!
Sigmund is nearby!
Sigmund is nearby!
Sigmund is nearby!
A goblin comes into view. It is wielding a +0 dagger.
The goblin shouts!
Sigmund hits you from afar with a +0 scythe!
You feel very mighty all of a sudden. Sigmund gestures at you while chanting.
You are confused.
You slice Sigmund!!
Sigmund is severely wounded.
Sigmund points at you and mumbles some strange words.
The puff of flame hits you!
* * * LOW HITPOINT WARNING * * *
Sigmund hits you with a +0 scythe!
* * * LOW HITPOINT WARNING * * *
It was a potion of magic.
Magic courses through your body.
It was a potion of attraction.
You feel attractive to monsters. Sigmund barely misses you.
It was a potion of berserk rage.
A red film seems to cover your vision as you go berserk!
You feel yourself moving faster!
You feel mighty! Sigmund casts a spell at you. The magic dart hits you.
You die...

.[.#.#### #.#
#. #.# #.# #
#[# #.# #.# #.#
#.#
###.#########.#
.....g@@......#
###############


You could see Sigmund and a goblin.

Vanquished Creatures
  Natasha (D:2)
  2 adders (D:3)
  A worm (D:2)
  2 dart slugs (D:2)
  2 ball pythons
  4 endoplasms
  A giant cockroach (D:1)
  4 hobgoblins
  5 jackals
  A quokka (D:1)
  3 bats
  3 frilled lizards
  3 goblins
  A kobold (D:1)
  11 rats
44 creatures vanquished.

Notes
Turn   | Place    | Note
-------+----------+-------------------------------------------
     0 | D:1      | lonewolfV2 the Hill Orc Fighter began the quest for the
                  | Orb.
     0 | D:1      | Reached XP level 1. HP: 19/19 MP: 1/1
   124 | D:1      | Reached XP level 2. HP: 26/27 MP: 2/2
  1085 | D:2      | Found Numal's Assorted Antiques.
  1134 | D:2      | Reached XP level 3. HP: 33/33 MP: 3/3
  1752 | D:2      | Noticed Natasha
  1757 | D:2      | Killed Natasha
  1828 | D:2      | Reached XP level 4. HP: 35/40 MP: 4/4
  1992 | D:3      | Found a faded altar of an unknown god.
  2230 | D:3      | Noticed Sigmund
  2236 | D:3      | HP: 2/40 [Sigmund/+0 scythe (8)]
  2239 | D:3      | Killed from afar by Sigmund

Illustrated notes

Levels and vault maps discovered:
D:1:      dpeg_arrival_boxes_within_box, layout_basic, minmay_rat_gold_closets
D:2:      layout_basic, serial_shops, shop_fountains, uniq_natasha
D:3:      layout_loops_ring, hellmonk_ecumenical_altar_run_dry, uniq_sigmund

Skill      XL: |  1  2  3  4 |
---------------+-------------+-----
Fighting       | 4 |  4.1
Axes           | 3 4 |  4.3
Armour         | 4 |  4.2
Dodging        | |  0.3
Stealth        | |  0.3
Shields        | |  3.5

Action                   |  1- 3 |  4- 6 || total
-------------------------+-------+-------++-------
Melee: War axe           |    93 |    31 ||   124
  Use: Potion            |       |     4 ||     4
Armor: Scale mail        |    47 |    26 ||    73
Dodge: Dodged            |    55 |    25 ||    80
Block: Buckler           |    29 |    10 ||    39
